 Dungeon Crawl Stone Soup version 0.28-a0-1613-gdaab1c2f9b (webtiles) character file.

Game seed: 9711431013161891034

44856 Ijustatesigmund the Fighter (level 14, -5/96 HPs)
             Began as a Gargoyle Fighter on Jan 21, 2022.
             Was an Elder of the Shining One.
             Slain by a fire elemental (6 damage)
             ... summoned by a deep elf pyromancer
             ... in a volcano.
             The game lasted 00:32:25 (17495 turns).

Ijustatesigmund the Fighter (Gargoyle Fighter)     Turns: 17495, Time: 00:32:27

Health: -5/96      AC: 31    Str: 23    XL:     14   Next: 30%
Magic:  22/22      EV: 11    Int:  9    God:    the Shining One [****..]
Gold:   815        SH: 17    Dex: 11    Spells: 13/13 levels left

rFire   . . .      SeeInvis .   a - +1 flail
rCold   . . .      Faith    .   c - +1 buckler
rNeg    + + +      Spirit   .   b - +0 plate armour
rPois   ∞          Reflect  .   m - +1 helmet
rElec   +          Harm     .   C - +2 cloak {Stlth+}
rCorr   .          Rampage  .   (no gloves)
Will    ++...                   N - +0 pair of boots
Stlth   ..........              H - amulet of regeneration
HPRegen 1.06/turn               d - +4 ring of evasion
MPRegen 0.18/turn               q - ring of No Interval {rElec Will+ Slay+4}

@: divinely shielded, about to teleport, flying, hasted, glowing, studying
Evocations, very quick
A: sickness immunity, AC +10, big wings, negative energy resistance 1,
electricity resistance, torment resistance 1, petrification resistance
a: Renounce Religion, Divine Shield, Cleansing Flame


You were in a volcano.
You worshipped the Shining One.
The Shining One was greatly pleased with you.
You visited 3 branches of the dungeon, and saw 18 of its levels.
You also visited: Ossuary and Volcano.

You collected 1107 gold pieces.
You spent 292 gold pieces at shops.

Inventory:

Hand Weapons
 a - a +1 flail (weapon)
Missiles
 h - a throwing net (quivered)
 r - 6 silver javelins
Armour
 b - a +0 plate armour (worn)
 c - a +1 buckler (worn)
 m - a +1 helmet (worn)
 C - a +2 cloak of stealth (worn)
 N - a +0 pair of boots (worn)
Jewellery
 d - a +4 ring of evasion (left hand)
 n - a +6 ring of strength
 q - the ring of No Interval (right hand) {rElec Will+ Slay+4}
   (You acquired it on level 7 of the Dungeon)

   [ring of slaying]

   Slay:      It affects your accuracy & damage with ranged weapons and melee
   (+4).
   rElec:     It insulates you from electricity.
   Will:      It increases your willpower.
 H - an amulet of regeneration (around neck)
 I - a ring of protection from cold
 J - a ring of magical power
 M - a ring of wizardry
Wands
 f - a wand of paralysis (13)
 p - a wand of digging (6)
 v - a wand of charming (5)
 w - a wand of polymorph (21)
 L - a wand of flame (32)
Scrolls
 e - 3 scrolls of teleportation
 i - a scroll of enchant weapon
 y - 7 scrolls of identify
 A - 3 scrolls of immolation
 E - a scroll of amnesia
 F - 4 scrolls of fog
Potions
 j - 3 potions of lignification
 t - 5 potions of mutation
 x - a potion of ambrosia
 z - 3 potions of cancellation
 B - 4 potions of flight
 D - 5 potions of brilliance
 G - 3 potions of invisibility
 K - 3 potions of attraction


   Skills:
 + Level 14.7 Fighting
 + Level 13.4 Maces & Flails
 - Level 8.1 Armour
 + Level 0.8 Dodging
 - Level 8.1 Shields
 + Level 11.1 Invocations
 - Level 10.6 Evocations


You had 13 spell levels left.
You didn't know any spells.
Your spell library contained the following spells:

 Spells                   Type           Power      Damage    Failure   Level
 Foxfire                  Conj/Fire      0%         2x1d4     100%        1
 Freeze                   Ice            0%         1d3       100%        1
 Corpse Rot               Necr/Air       0%         N/A       100%        2
 Poisonous Vapours        Pois/Air       0%         N/A       100%        2
 Static Discharge         Conj/Air       0%         N/A       100%        2
 Wereblood                Tmut           0%         N/A       100%        2
 Conjure Flame            Conj/Fire      0%         6-21      100%        3
 Dazzling Flash           Conj/Hex       0%         N/A       100%        3
 Frozen Ramparts          Ice            0%         1d2       100%        3
 Gell's Gravitas          Tloc           0%         N/A       100%        3
 Inner Flame              Hex/Fire       0%         N/A       100%        3
 Lesser Beckoning         Tloc           0%         N/A       100%        3
 Portal Projectile        Hex/Tloc       0%         N/A       100%        3
 Teleport Other           Tloc           0%         N/A       100%        3
 Dispel Undead            Necr           0%         3d6       100%        4
 Flame Wave               Conj/Fire      0%         2d4       100%        4
 Hailstorm                Conj/Ice       0%         3d3       100%        4
 Ice Form                 Ice/Tmut       0%         N/A       100%        4
 Iskenderun's Mystic Bla  Conj/Tloc      0%         2d3       100%        4
 Sticky Flame             Conj/Fire      0%         2d3       100%        4
 Summon Ice Beast         Ice/Summ       0%         N/A       100%        4
 Summon Lightning Spire   Summ/Air       0%         N/A       100%        4
 Blade Hands              Tmut           0%         N/A       100%        5
 Excruciating Wounds      Necr           0%         N/A       100%        5
 Dispersal                Tloc           0%         N/A       100%        6
 Starburst                Conj/Fire      0%         6d3       100%        6
 Malign Gateway           Summ/Tloc      0%         N/A       100%        7
 Storm Form               Tmut/Air       0%         N/A       100%        7
 Summon Hydra             Summ           0%         N/A       100%        7
 Disjunction              Tloc           0%         N/A       100%        8
 Maxwell's Capacitive Co  Air            0%         ∞         100%        8
 Summon Horrible Things   Summ           0%         N/A       100%        8
 Sublimation of Blood     Necr           Unusable   N/A       N/A         2

Dungeon Overview and Level Annotations

Branches:
Dungeon (15/15)            Temple (1/1) D:4            Lair (2/6) D:11
    Orc (0/2) D:11         Depths (0/4) D:15        Ossuary (visited)
Volcano (1/1)
  Swamp: Lair:2-4    Shoals: Lair:2-4     Snake: Lair:2-4    Spider: Lair:2-4
 Vaults: D:13-14

Altars:
Ashenzari
Cheibriados
Dithmenos
Elyvilon
Fedhas
Gozag
Hepliaklqana
Kikubaaqudgha
Makhleb
Nemelex Xobeh
Okawaru
Qazlal
Ru
Sif Muna
Trog
Uskayaw
Vehumet
Wu Jian
Xom
Yredelemnul
Zin
The Shining One
Lugonu

Shops:
D:7 !(?*=   D:8 [

Annotations:
D:10 Maggie
D:11 5 runed translucent doors
D:13 Rupert


Innate Abilities, Weirdness & Mutations

You are immune to sickness and miasma.
Your stone body is resilient. (AC +10)
You are immune to poison.
Your large and strong wings let you fly.
You resist negative energy. (rN+)
You are resistant to electric shocks. (rElec)
You are resistant to unholy torment.
You are immune to petrification.


Message History

You block the hell hound's attack.
The deep elf pyromancer hits you with a +0 rapier.
* * * LOW HITPOINT WARNING * * *
The hell hound bites you but does no damage.
You block the fire elemental's attack.
As you read the scroll of teleportation, it crumbles to dust.
You feel strangely unstable. The hell hound closely misses you.
The hell hound breathes flames at you.
The blast of flame hits you but does no damage.
You block the deep elf pyromancer's attack.
The deep elf pyromancer casts a spell.
The fire elemental closely misses you.
You sock the deep elf pyromancer!
The deep elf pyromancer is moderately wounded.
The hell hound bites you.
* * * LOW HITPOINT WARNING * * *
You block the hell hound's attack.
You sock the deep elf pyromancer!
The deep elf pyromancer is heavily wounded.
The fire elemental hits you. You block the hell hound's attack.
The deep elf pyromancer hits you but does no damage.
The deep elf pyromancer gestures wildly while chanting.
The deep elf pyromancer blinks!
You sock the deep elf pyromancer!
The deep elf pyromancer is almost dead.
The hell hound breathes flames at you.
The blast of flame hits you but does no damage.
You sock the deep elf pyromancer!
You kill the deep elf pyromancer!
The hell hound bites you but does no damage.
The fire elemental completely misses you.
The hell hound bites you but does no damage.
You closely miss the hell hound.
The hell hound is lightly wounded.
You block the hell hound's attack. The fire elemental hits you.
The fire elemental burns you!
* * * LOW HITPOINT WARNING * * *
You block the hell hound's attack. The fire elemental hits you.
The fire elemental burns you!
You die...

§≈≈###.....# ###.#
.≈..# #∩..# ...# #
#∩..####e.+ .#
###.'..#### e#
§§≈###.....### ..#
#§§≈≈###.....###○#
###≈≈≈≈###..h#h○○#
###≈≈§§###.@EE.#
###≈≈≈≈###E..#
###≈≈≈§###.#
###≈≈≈≈# # ###§≈≈
##≈ ##


You could see 2 deep elf pyromancers, 3 fire elementals and 2 hell hounds.

Vanquished Creatures
  A dire elephant (D:15)
  4 hydras
  2 boulder beetles
  Erica (Lair:1)
  An ogre mage (D:15)
  6 centaur warriors
  6 two-headed ogres
  A tengu warrior (D:9)
  11 skeletal warriors
  6 cyclopes
  2 manticores
  6 deep elf pyromancers
  4 ugly things
  A salamander (D:15)
  3 cane toads (Lair:1)
  An unseen horror (D:12)
  An efreet (D:15)
  4 komodo dragons
  2 yaktaurs
  2 freezing wraiths
  2 kobold demonologists
  2 trolls
  Grinder (D:6)
  A raiju (shapeshifter) (D:13)
  8 slime creatures
  A shadow (D:10)
  2 vampires
  2 wraiths (Ossuary)
  Eustachio (D:6)
  4 basilisks
  22 yaks
  3 wyverns
  2 steam dragons
  6 vampire mosquitoes (D:13)
  An acid dragon (D:10)
  2 hell hounds (Volcano)
  Duvessa (D:4)
  6 water moccasins
  2 orc warriors
  2 black bears
  A sky beast (D:3)
  2 necrophages
  19 centaurs
  A phantom (D:6)
  2 kobold brigands
  10 bullfrogs
  A gnoll sergeant (D:13)
  Dowan (D:4)
  A water moccasin skeleton (D:5)
  8 wights
  4 howler monkeys
  2 centaur zombies
  A bullfrog zombie (D:6)
  4 hounds
  5 orc priests
  A gnoll shaman (D:8)
  4 jellies
  Ijyb (D:3)
  Terence (D:3)
  3 iguanas
  5 orc wizards
  2 killer bee zombies
  A hound skeleton (D:4)
  A mummy (D:5)
  2 howler monkey zombies
  19 gnolls
  A howler monkey skeleton (D:5)
  6 adders
  A shadow imp (D:6)
  An ufetubus (D:6)
  An adder zombie (Ossuary)
  An adder skeleton (D:4)
  4 dart slugs
  26 orcs
  11 endoplasms
  6 giant cockroaches
  10 goblins
  9 hobgoblins
  8 jackals
  3 quokkas
  6 ball pythons
  5 ball python skeletons (Ossuary)
  3 bats
  5 frilled lizards
  A hobgoblin zombie (Ossuary)
  10 kobolds
  2 kobold zombies (D:5)
  An orc zombie (Ossuary)
  12 rats
371 creatures vanquished.

Vanquished Creatures (others)
  2 fungi
  3 plants (Lair:1)
5 creatures vanquished.

Grand Total: 376 creatures vanquished

Notes
Turn   | Place    | Note
-------+----------+-------------------------------------------
     0 | D:1      | Ijustatesigmund the Gargoyle Fighter began the quest for
                  | the Orb.
     0 | D:1      | Reached XP level 1. HP: 14/14 MP: 1/1
    45 | D:1      | Reached XP level 2. HP: 9/19 MP: 2/2
   537 | D:1      | Reached XP level 3. HP: 14/24 MP: 3/3
   679 | D:1      | Reached skill level 4 in Fighting
   938 | D:1      | Found a faded altar of an unknown god.
  1102 | D:2      | Identified a scroll of acquirement
  1102 | D:2      | Acquired a manual of Evocations
  1158 | D:2      | Reached XP level 4. HP: 22/30 MP: 4/4
  1928 | D:3      | Reached skill level 5 in Fighting
  1928 | D:3      | Reached XP level 5. HP: 25/35 MP: 5/5
  2115 | D:3      | Noticed Terence
  2127 | D:3      | Killed Terence
  2666 | D:3      | Noticed a sky beast
  2680 | D:3      | Killed a sky beast
  2681 | D:3      | Reached XP level 6. HP: 35/41 MP: 6/6
  2760 | D:3      | Noticed Ijyb
  3006 | D:3      | HP: 2/41 [Ijyb (3)]
  3007 | D:3      | Killed Ijyb
  3307 | D:3      | Found an iron altar of Okawaru.
  3439 | D:3      | Reached skill level 6 in Fighting
  3836 | D:4      | Noticed a necrophage
  3839 | D:4      | Killed a necrophage
  3840 | D:4      | Reached skill level 5 in Maces & Flails
  3840 | D:4      | Reached skill level 1 in Evocations
  3840 | D:4      | Reached XP level 7. HP: 46/46 MP: 7/7
  4377 | D:4      | Noticed Duvessa
  4378 | D:4      | Noticed Dowan
  4386 | D:4      | Killed Duvessa
  4396 | D:4      | Killed Dowan
  4532 | D:4      | Found a staircase to the Ecumenical Temple.
  4542 | Temple   | Entered the Ecumenical Temple
  4835 | D:5      | Entered Level 5 of the Dungeon
  5162 | D:5      | Reached skill level 7 in Fighting
  5171 | D:5      | Found a sand-covered staircase.
  5174 | D:5      | Reached XP level 8. HP: 33/53 MP: 8/8
  5290 | Ossuary  | Entered an ossuary
  5409 | Ossuary  | Noticed a flying skull
  5409 | Ossuary  | Noticed a wraith
  5416 | Ossuary  | Noticed a flying skull
  5418 | Ossuary  | Noticed a flying skull
  5448 | Ossuary  | Noticed a flying skull
  5456 | Ossuary  | Noticed a wraith
  5493 | Ossuary  | Killed a wraith
  5494 | Ossuary  | Reached skill level 5 in Evocations
  5672 | Ossuary  | Noticed a flying skull
  5673 | Ossuary  | Noticed a wraith
  5691 | Ossuary  | Killed a wraith
  6051 | D:5      | Found a radiant altar of Vehumet.
  6122 | D:5      | Reached skill level 8 in Fighting
  6249 | D:5      | Found a glowing silver altar of Zin.
  6250 | D:5      | Found an opulent altar of Gozag.
  6682 | D:6      | Noticed Grinder
  6701 | D:6      | Killed Grinder
  6702 | D:6      | Reached XP level 9. HP: 33/60 MP: 9/9
  7140 | D:6      | Found a shimmering altar of Xom.
  7165 | D:6      | Found a bloodstained altar of Trog.
  7187 | D:6      | Found a stormy altar of Qazlal.
  7188 | D:6      | Noticed Eustachio
  7194 | D:6      | Killed Eustachio
  7787 | D:7      | Acquired the ring of No Interval {rElec Will+ Slay+4}
  7816 | D:7      | Found an ornate altar of the Wu Jian Council.
  7850 | D:7      | Found Viosud's Assorted Antiques.
  7856 | D:7      | Bought a scroll of fog for 52 gold pieces
  7872 | D:7      | Reached skill level 9 in Fighting
  7916 | D:7      | Found Ravvit's Weapon Boutique.
  7926 | D:7      | Found Qiyfyes's Magic Scroll Shoppe.
  7929 | D:7      | Bought a scroll of teleportation for 36 gold pieces
  7929 | D:7      | Bought a scroll of identify for 24 gold pieces
  7929 | D:7      | Bought a scroll of identify for 24 gold pieces
  7929 | D:7      | Bought a scroll of teleportation for 36 gold pieces
  7961 | D:7      | Found Lecemp's Distillery.
  7971 | D:7      | Bought a potion of berserk rage for 60 gold pieces
  7971 | D:7      | Bought a potion of heal wounds for 60 gold pieces
  8089 | D:7      | Found Hejeytt's Jewellery Shop.
  8265 | D:7      | Found a hide-covered altar of Uskayaw.
  8431 | D:7      | Found a glowing golden altar of the Shining One.
  8505 | D:7      | Became a worshipper of the Shining One
  8600 | D:8      | Noticed a two-headed ogre
  8610 | D:8      | Killed a two-headed ogre
  8611 | D:8      | Reached XP level 10. HP: 37/67 MP: 10/10
  8678 | D:8      | Reached skill level 10 in Fighting
  8689 | D:8      | Found a shadowy altar of Dithmenos.
  8835 | D:8      | Found Pauviemo's Antique Armour Shop.
  8852 | D:8      | Identified the +1 robe "Miva" {+Blink rC- Stlth+}
  8941 | D:8      | Reached * piety under the Shining One
  9076 | D:8      | Reached skill level 1 in Invocations
  9471 | D:9      | Noticed a kobold demonologist
  9486 | D:9      | Killed a kobold demonologist
  9487 | D:9      | Reached skill level 10 in Evocations
  9647 | D:9      | Noticed a tengu warrior
  9648 | D:9      | Noticed a cyclops
  9663 | D:9      | Killed a tengu warrior
  9669 | D:9      | Killed a cyclops
 10165 | D:10     | Entered Level 10 of the Dungeon
 10374 | D:10     | Reached XP level 11. HP: 73/73 MP: 13/13
 10385 | D:10     | Reached skill level 11 in Fighting
 10655 | D:10     | Noticed Maggie
 11042 | D:11     | Noticed an ice dragon
 11042 | D:11     | Noticed a centaur warrior
 11043 | D:11     | Found a runed translucent door.
 11043 | D:11     | Noticed a manticore
 11044 | D:11     | Noticed a white ugly thing
 11054 | D:11     | Killed a white ugly thing
 11055 | D:11     | Reached skill level 10 in Maces & Flails
 11073 | D:11     | Noticed a cyclops
 11073 | D:11     | Noticed a deep troll
 11074 | D:11     | Noticed a tengu warrior
 11074 | D:11     | Noticed a manticore
 11074 | D:11     | Reached ** piety under the Shining One
 11078 | D:11     | Noticed a cyclops
 11085 | D:11     | Killed a cyclops
 11153 | D:11     | Found a staircase to the Lair.
 11158 | D:11     | Noticed a two-headed ogre
 11182 | D:10     | Killed a two-headed ogre
 11183 | D:10     | Reached skill level 5 in Invocations
 11319 | D:11     | Found a large runed translucent door.
 11319 | D:11     | Found a large runed translucent door.
 11328 | D:11     | Reached skill level 5 in Armour
 11328 | D:11     | Reached skill level 5 in Shields
 11339 | D:11     | Noticed a cyclops
 11340 | D:11     | Noticed a centaur warrior
 11343 | D:11     | Killed a cyclops
 11353 | D:11     | Killed a centaur warrior
 11391 | D:11     | Noticed a cyclops
 11397 | D:11     | Found a large runed translucent door.
 11397 | D:11     | Found a large runed translucent door.
 11433 | D:11     | Noticed a manticore
 11451 | D:11     | Killed a manticore
 11784 | D:11     | Found a staircase to the Orcish Mines.
 12035 | D:11     | Noticed a salamander
 12041 | D:11     | a salamander changed into a spriggan
 12061 | D:12     | Noticed a boulder beetle
 12137 | D:12     | Noticed a deep elf pyromancer
 12139 | D:12     | Noticed an eight-headed hydra
 12144 | D:12     | Killed a deep elf pyromancer
 12154 | D:12     | Killed an eight-headed hydra
 12155 | D:12     | Reached XP level 12. HP: 64/81 MP: 13/16
 12231 | D:12     | Reached skill level 12 in Fighting
 12247 | D:12     | Noticed an eight-headed hydra
 12264 | D:12     | Killed an eight-headed hydra
 12301 | D:12     | Killed a boulder beetle
 12528 | D:12     | Identified the +3 ring mail of Vuin {*Corrode rN+ Str+5}
 12690 | D:13     | Reached *** piety under the Shining One
 12732 | D:13     | Noticed a centaur warrior
 12746 | D:13     | Killed a centaur warrior
 12794 | D:13     | Noticed a centaur warrior
 12800 | D:13     | Killed a centaur warrior
 13321 | D:14     | Noticed a centaur warrior
 13331 | D:14     | Killed a centaur warrior
 13580 | D:14     | Noticed a centaur warrior
 13582 | D:14     | Noticed a deep elf knight
 13669 | D:14     | Noticed Rupert
 13686 | D:14     | Found a shadowy altar of Dithmenos.
 13791 | D:13     | Reached XP level 13. HP: 53/87 MP: 17/19
 14265 | D:15     | Entered Level 15 of the Dungeon
 14325 | D:15     | Reached skill level 13 in Fighting
 15298 | D:15     | Found a staircase to the Depths.
 15298 | D:15     | Noticed a dire elephant
 15298 | D:15     | Reached **** piety under the Shining One
 15325 | D:15     | Killed a dire elephant
 15336 | D:15     | Reached skill level 14 in Fighting
 15336 | D:15     | Reached skill level 10 in Invocations
 16221 | D:15     | Gained mutation: Your large and strong wings let you fly.
                  | [Gargoyle growth]
 16221 | D:15     | Reached XP level 14. HP: 96/96 MP: 21/21
 16410 | Lair:1   | Entered Level 1 of the Lair of Beasts
 16681 | Lair:1   | Noticed Erica
 16713 | Lair:1   | Killed Erica
 17439 | Lair:2   | Found a dark tunnel.
 17443 | Volcano  | Entered a volcano
 17495 | Volcano  | HP: 1/96 [fire elemental (12)]
 17495 | Volcano  | Slain by a fire elemental

Illustrated notes

Levels and vault maps discovered:
D:1:      ncdulo_smallfort, layout_rooms,
          hellmonk_ecumenical_altar_leap_of_faith, grunt_decor_junction
D:2:      layout_basic
D:3:      layout_basic, okawaru_altar_gauntlet_db, uniq_terence, uniq_ijyb
D:4:      layout_basic, minmay_temple_entry_trees, minivault_26,
          roderic_serpentine_path, moated_statue, minmay_three_crescents,
          uniq_duvessa
D:5:      layout_basic, grunt_temple_overflow_gold_and_silver,
          nicolae_overflow_crystal_walls, nicolae_ossuary_entry_giza,
          ebering_dispersal_statue_hall, eino_tiny_chamber
D:6:      layout_loops_cross, mainiacjoe_overflow_six_doors_small,
          xom_teletrap_fun, grunt_qazlal_sundering, uniq_grinder, uniq_eustachio
D:7:      layout_loops_ring, nzn_wu_jian_contemplation,
          mainiacjoe_overflow_alcove_1, nicolae_uskayaw_dance_studio,
          serial_shops, shop, kennysheep_little_box, shop, shop,
          nicolae_diamond_shop, abandoned_shop, st_stairs_6, serial_park_tiny_1
D:8:      layout_cave_pools, amcnicky_altar_gilded, serial_shops,
          nicolae_shop_stone, supply_closet_lemuel
D:9:      layout_long_grid, minivault_22, amethyst_killhole, minivault_20,
          hangedman_decor_peaks_small, minmay_variable_closet
D:10:     layout_loops_ring, nicolae_wwwww, kennysheep_generic_room_13,
          uniq_maggie
D:11:     layout_cave_pools, david_lair_generic, minmay_st_funbox,
          minmay_misc_feat_plants, corexii_checkpoint_a,
          minmay_hollow_rounded_squares
D:12:     layout_big_octagon, serial_glass, glass_columns_c, glass_columns_b,
          glass_columns_a, glass_columns_b
D:13:     layout_basic
D:14:     layout_stronghold, hangedman_vaults_entry_quadrant_bands,
          nicolae_dithmenos_through_a_glass_darkly, slow_altar_2, uniq_rupert
D:15:     hangedman_depths_entry_try_elsewhere_first, layout_loops_ring,
          chequers_serial_rivers_small_3
Temple:   kb_corrupted_temple
Lair:1:   layout_chaotic_city, uniq_erica
Lair:2:   layout_regular_city, gammafunk_ghost_wrathful_warriors,
          nicolae_volcano_entry_lava_flow
Volcano:  hellmonk_pyromancer_palace

Skill      XL: |  1  2  3  4  5  6  7  8  9 10 11 12 13 14 |
---------------+-------------------------------------------+-----
Fighting       | 4 5 6 7 8 9 10 11 12 14 | 14.7
Maces & Flails | 3 4 5 6 7 8 9 10 11 13 | 13.4
Evocations     | 1 4 7 9 10 | 10.6
Invocations    | 3 6 8 10 11 | 11.1
Armour         | 6 8 |  8.1
Shields        | 6 7 8 |  8.1
Dodging        | |  0.8

Action                   |  1- 3 |  4- 6 |  7- 9 | 10-12 | 13-15 || total
-------------------------+-------+-------+-------+-------+-------++-------
Melee: Flail             |   117 |   129 |   272 |   556 |   520 ||  1594
Throw: Throwing net      |       |     1 |       |       |       ||     1
Invok: Divine Shield     |       |       |       |     4 |     3 ||     7
       Cleansing Flame   |       |       |       |       |     1 ||     1
Evoke: Wand              |       |     2 |     9 |    16 |    10 ||    37
  Use: Scroll            |     1 |     4 |    16 |     7 |     8 ||    36
       Potion            |       |     2 |     3 |     8 |    10 ||    23
Armor: Scale mail        |   107 |     6 |       |       |       ||   113
       Plate armour      |       |    83 |   176 |   554 |   372 ||  1185
       Skin              |       |       |       |    29 |       ||    29
Dodge: Dodged            |   100 |    35 |    92 |   246 |   143 ||   616
Block: Buckler           |    37 |    21 |    63 |   293 |   172 ||   586

Table legend: (Time is in decaauts)
 A = Elapsed time spent in this place.
 B = Non-inter-level travel time spent in this place.
 C = Inter-level travel time spent in this place.
 D = Time resting spent in this place.
 E = Time spent auto-exploring this place.
 F = Levels seen in this place.
 G = Mean time per level.
                   A        B        C        D        E       F      G
               +--------+--------+--------+--------+--------+-----+--------+
         Total |  17469 |  17011 |    458 |   3586 |  10286 |  20 |  873.5 |
       Dungeon |  15637 |  15220 |    417 |   3382 |   9141 |  15 | 1042.5 |
        Temple |    112 |     93 |     19 |      0 |     82 |   1 |  112.0 |
          Lair |    998 |    977 |     21 |      0 |    784 |   2 |  499.0 |
       Ossuary |    677 |    677 |      0 |    204 |    271 |   1 |  677.0 |
       Volcano |     43 |     43 |      0 |      0 |      8 |   1 |   43.0 |
               +--------+--------+--------+--------+--------+-----+--------+

Top non-repeatable levels by time:
     D:3: 1636 daAuts
    D:15: 1517 daAuts
    D:13: 1182 daAuts
     D:4: 1181 daAuts
     D:9: 1121 daAuts
     D:6: 1098 daAuts
     D:2: 1092 daAuts
     D:1: 1063 daAuts
     D:5: 1034 daAuts
    D:11: 972 daAuts
    D:14: 954 daAuts
     D:7: 814 daAuts
    D:10: 803 daAuts
  Lair:1: 791 daAuts
 Ossuary: 677 daAuts
